 Dungeon Crawl Stone Soup version 0.29-a0-2-g12fcac58f8 (webtiles) character file.

Game seed: 4857353689157280328

14 parzival7114810 the Conjurer (level 2, 0/11 HPs)
             Began as a Felid Conjurer on Jan 25, 2022.
             Was an Initiate of Ashenzari.
             Slain by a hobgoblin (1 damage)
             ... on level 1 of the Dungeon on Jan 26, 2022.
             The game lasted 00:03:13 (1634 turns).

parzival7114810 the Conjurer (Felid Conjurer)       Turns: 1634, Time: 00:03:13

Health: 0/11       AC:  1    Str:  3    XL:     2   Next: 31%
Magic:  6/6        EV: 17    Int: 19    God:    Ashenzari [......]
Gold:   12         SH:  0    Dex: 14    Spells: 2/5 levels left
                                        Lives:  0   Deaths: 0

rFire   . . .      SeeInvis +   (weapon unavailable)
rCold   . . .      Faith    .   (shield unavailable)
rNeg    . . .      Spirit   .   (armour unavailable)
rPois   .          Reflect  .   (helmet unavailable)
rElec   .          Harm     .   (cloak unavailable)
rCorr   .          Rampage  .   (gloves unavailable)
Will    .....                   (boots unavailable)
Stlth   ++........              (no amulet)
HPRegen 0.03/turn               (no ring)
MPRegen 0.10/turn               (no ring)

@: quick
A: very small, claws 1, fangs 3, see invisible, speed 1, shaggy fur 1, stealthy
paws, no weapons or thrown items, no armour, multi-lived
a: Renounce Religion, Curse Item


You were on level 1 of the Dungeon.
You worshipped Ashenzari.
Ashenzari was noncommittal.
You visited 1 branch of the dungeon, and saw 1 of its levels.

You collected 12 gold pieces.

Inventory:

Scrolls
 b - a scroll of amnesia {unknown}
 c - a scroll of noise {unknown}
Potions
 a - a potion of invisibility


   Skills:
 + Level 2.9 Dodging
 + Level 2.8 Stealth
 + Level 0.3 Unarmed Combat
 + Level 2.0 Spellcasting
 + Level 4.0 Conjurations


You had 2 spell levels left.
You knew the following spells:

 Your Spells              Type           Power      Damage    Failure   Level
a - Magic Dart            Conj           68%        1d6       3%          1
b - Searing Ray           Conj           34%        2d5       4%          2

Your spell library contained the following spells:

 Spells                   Type           Power      Damage    Failure   Level
 Dazzling Flash           Conj/Hex       18%        N/A       22%         3
 Fulminant Prism          Conj/Hex       4%         3d6       58%         4
 Iskenderun's Mystic Bla  Conj/Tloc      9%         2d4       58%         4


Dungeon Overview and Level Annotations

Branches:
Dungeon (1/15)

Altars:
Ashenzari


Innate Abilities, Weirdness & Mutations

You have sharp claws.
You have razor-sharp teeth.
You have supernaturally acute eyesight. (SInv)
You cover ground quickly. (Speed+)
You are covered in fur. (AC +1)
Your paws help you pounce on unaware monsters.
You are incapable of wielding weapons or throwing items.
You cannot wear armour.
You gain extra lives every three experience levels.


Message History

The hobgoblin shouts!
The dart slug launches a dart at you. The slug dart hits you.
The giant cockroach misses you.
A rat comes into view.
Found 16 gold pieces.
The giant cockroach barely misses you.
You scratch the giant cockroach but do no damage.
Your bite misses the giant cockroach. The dart slug launches a dart at you.
The slug dart misses you. The giant cockroach misses you.
The hobgoblin misses you.
The giant cockroach completely misses you.
The dart slug launches a dart at you. The slug dart misses you.
The hobgoblin misses you.
You closely miss the hobgoblin.
A quokka comes into view.
The giant cockroach bites you but does no damage.
The hobgoblin misses you.
You scratch the hobgoblin.
You bite the hobgoblin, but do no damage.
The hobgoblin is heavily wounded.
The giant cockroach bites you. The hobgoblin closely misses you.
You barely miss the hobgoblin.
You bite the hobgoblin, but do no damage.
The hobgoblin is heavily wounded.
The giant cockroach bites you but does no damage.
The hobgoblin completely misses you. The hobgoblin closely misses you.
Welcome back, parzival7114810 the Felid Conjurer.
Ashenzari says: Partake of my vision.
Partake of my curse.
Press ? for a list of commands and other information.
There are monsters nearby!
Unknown command.
Unknown command.
You scratch the giant cockroach but do no damage.
The giant cockroach misses you. The hobgoblin hits you.
* * * LOW HITPOINT WARNING * * *
The hobgoblin misses you. The giant cockroach misses you.
You scratch the giant cockroach but do no damage.
The hobgoblin hits you.
You die...

#.# #(...#.###r#.
##.### #....J.......
##...## ....#.###.#
.#.....#
...#.#$#.#..##...##
###.#.###.#.#.......
..b.... ....###.###
#g#.###.#.# #.#
#@Br..w...# #+#
#.g....#.##
####.#...#
####.##>##
#.###.......##
#............+
#####.#...####
#.##.## #.####


You could see a dart slug, an endoplasm (asleep), a quokka, a giant cockroach, 2
hobgoblins, a bat and a rat (asleep).

Vanquished Creatures
  A giant cockroach (D:1)
  2 goblins (D:1)
  3 kobolds (D:1)
  2 ball pythons (D:1)
  3 bats (D:1)
  A frilled lizard (D:1)
  4 rats (D:1)
16 creatures vanquished.

Vanquished Creatures (others)
  A demonic plant (D:1)
  3 fungi (D:1)
  2 plants (D:1)
  A withered plant (D:1)
7 creatures vanquished.

Grand Total: 23 creatures vanquished

Notes
Turn   | Place    | Note
-------+----------+-------------------------------------------
     0 | D:1      | parzival7114810 the Felid Conjurer began the quest for the
                  | Orb.
     0 | D:1      | Reached XP level 1. HP: 7/7 MP: 4/4
   486 | D:1      | Reached XP level 2. HP: 11/11 MP: 6/6
   497 | D:1      | Reached skill level 4 in Conjurations
   505 | D:1      | Learned a level 2 spell: Searing Ray
  1304 | D:1      | Found a faded altar of an unknown god.
  1312 | D:1      | Prayed at the altar of an unknown god.
  1312 | D:1      | Became a worshipper of Ashenzari the Shackled
  1633 | D:1      | Upgraded the game from 0.28-a0-1638-g9123634e07 to
                  | 0.29-a0-2-g12fcac58f8
  1634 | D:1      | Slain by a hobgoblin

Illustrated notes

Levels and vault maps discovered:
D:1:      onia_arrival_handbag, layout_loops_corners,
          shapermc_ecumenical_altar_gd, grunt_decor_mini_mirrors,
          amethyst_killhole, minmay_surrounded

Skill      XL: |  1  2 |
---------------+-------+-----
Conjurations   | 4 |  4.0
Dodging        | |  2.9
Stealth        | |  2.8
Unarmed Combat | |  0.3
Spellcasting   | |  2.0

Action                   || total
-------------------------++-------
Melee: Unarmed           ||    66
       Bite              ||    10
       Punch             ||     1
  Use: Potion            ||     2
 Stab: Sleeping          ||     2
Armor: Skin              ||     5
Dodge: Dodged            ||    62

Table legend: (Time is in decaauts)
 A = Elapsed time spent in this place.
 B = Non-inter-level travel time spent in this place.
 C = Inter-level travel time spent in this place.
 D = Time resting spent in this place.
 E = Time spent auto-exploring this place.
 F = Levels seen in this place.
 G = Mean time per level.
                   A        B        C        D        E       F      G
               +--------+--------+--------+--------+--------+-----+--------+
         Total |   1516 |   1511 |      5 |    394 |    877 |   1 | 1516.0 |
       Dungeon |   1516 |   1511 |      5 |    394 |    877 |   1 | 1516.0 |
               +--------+--------+--------+--------+--------+-----+--------+

Top non-repeatable levels by time:
     D:1: 1516 daAuts
